 Dungeon Crawl Stone Soup version 0.26.0-8-g74fc34ddfb (webtiles) character file.

Game seed: 13701305776062197094

86 trckry the Ruffian (level 4, -10/35 HPs)
             Began as a Draconian Transmuter on Jan 12, 2021.
             Mangled by an ogre
             ... wielding a +0 giant club
              (27 damage)
             ... on level 3 of the Dungeon.
             The game lasted 00:04:05 (2336 turns).

trckry the Ruffian (Draconian Transmuter)           Turns: 2336, Time: 00:04:06

Health: -10/35     AC:  5    Str: 13    XL:     4   Next: 27%
Magic:  6/7        EV: 12    Int: 14    God:
Gold:   132        SH:  0    Dex: 11    Spells: 6/7 levels left

rFire    . . .     SeeInvis .     - Unarmed
rCold    . . .     Faith    .   (no shield)
rNeg     . . .     Spirit   .   (armour unavailable)
rPois    .         Reflect  .   (helmet currently unavailable)
rElec    .         Harm     .   (no cloak)
rCorr    .         Rampage  .   (no gloves)
Will     .....                  (boots currently unavailable)
Stlth    +.........             (no amulet)
HPRegen  0.11/turn              (no ring)
MPRegen  0.10/turn              (no ring)

@: appendages
A: unfitting armour, horns 2, talons 2, cold-blooded, AC +5
a: End Transformation


You were on level 3 of the Dungeon.
You had grown temporary horns.
You had grown temporary talons.
You visited 1 branch of the dungeon, and saw 3 of its levels.

You collected 132 gold pieces.

Inventory:

Missiles
 i - 11 poisoned darts
Armour
 g - a cursed +0 pair of boots (melded)
Jewellery
 n - an uncursed amulet of the acrobat {unknown}
Scrolls
 a - a scroll of magic mapping {unknown}
 b - 3 scrolls of identify {unknown}
 d - a scroll of teleportation {unknown}
 h - 2 scrolls of remove curse {unknown}
Potions
 c - a potion of magic {unknown}
 e - a potion of curing {unknown}
 f - a potion of brilliance {unknown}
 j - a potion of berserk rage
 k - a potion of flight {unknown}
 l - a potion of lignification {unknown}
 m - a potion of haste {unknown}


   Skills:
 - Level 1.1 Fighting
 - Level 1.7 Dodging
 * Level 4.2 Unarmed Combat
 - Level 2.0 Spellcasting
 * Level 3.5 Transmutations


You had 6 spell levels left.
You knew the following spells:

 Your Spells              Type           Power        Failure   Level
a - Beastly Appendage     Tmut           22%          5%          1

Your spell library contained the following spells:

 Spells                   Type           Power        Failure   Level
 Wereblood                Tmut           11%          9%          2
 Animate Skeleton         Necr           2%           24%         1
 Apportation              Tloc           2%           24%         1
 Corona                   Hex            1%           24%         1
 Magic Dart               Conj           4%           24%         1
 Summon Small Mammal      Summ           4%           24%         1
 Searing Ray              Conj           2%           34%         2
 Spider Form              Tmut/Pois      3%           34%         3
 Dazzling Flash           Conj/Hex       2%           56%         3
 Ice Form                 Ice/Tmut       6%           75%         4
 Blade Hands              Tmut           5%           83%         5
 Fulminant Prism          Conj/Hex       0%           93%         4
 Iskenderun's Mystic Bla  Conj/Tloc      1%           93%         4


Dungeon Overview and Level Annotations

Branches:
Dungeon (3/15)

Altars:
Cheibriados
Trog
Vehumet


Innate Abilities, Weirdness & Mutations

Your plain brown scales are hard. (AC +5)
You cannot fit into any form of body armour.
You are cold-blooded and may be slowed by cold attacks.
You have a pair of horns on your head.
You have razor-sharp toenails.


Message History

The ogre is lightly wounded.
The ogre closely misses you.
Casting: Beastly Appendage (safe; 5% risk of failure)
Confirm with . or Enter, or press ? or * to list all spells.
You grow a pair of large bovine horns.
Your feet morph into talons.
Your cursed +0 pair of boots melds into your body.
The bat misses you.
You barely miss the ogre. You claw the ogre.
Your tail-slap misses the ogre.
The ogre is moderately wounded.
The ogre barely misses you. The bat hits you but does no damage.
You barely miss the ogre.
The ogre is moderately wounded.
The bat closely misses you.
The ogre hits you with a +0 giant club!!
Ouch! That really hurt!
You hit the ogre.
The ogre is moderately wounded.
The ogre hits you with a +0 giant club!!
Ouch! That really hurt!
You die...

#....... ##......#
.$.....# . #......# ..
#......#.# .. #......#.#
#.#...<..#.# #.
#....b@..#.# #.##
###..O####.#
....#######.####.###
..#...(......#._...##
.........†......[...#
#.##.................#
###.##.#...............#
.......#)...............b
##.# #................##


You could see an ogre and a bat.

Vanquished Creatures
  3 adders
  2 worms
  A dart slug (D:2)
  2 orcs (D:3)
  8 bats
  3 giant cockroaches
  6 goblins
  5 hobgoblins
  3 jackals (D:1)
  A ball python (D:1)
  A frilled lizard (D:3)
  7 kobolds
  4 rats
46 creatures vanquished.

Notes
Turn   | Place    | Note
-------+----------+-------------------------------------------
     0 | D:1      | trckry the Draconian Transmuter began the quest for the
                  | Orb.
     0 | D:1      | Reached XP level 1. HP: 16/16 MP: 3/3
   333 | D:1      | Reached XP level 2. HP: 23/23 MP: 3/5
   697 | D:1      | You fall into a shaft and drop 1 floor!
   926 | D:2      | Reached XP level 3. HP: 19/28 MP: 6/6
  1220 | D:2      | Found a snail-covered altar of Cheibriados.
  1501 | D:2      | Found a radiant altar of Vehumet.
  1561 | D:2      | Reached skill level 4 in Unarmed Combat
  2058 | D:3      | Reached XP level 4. HP: 35/35 MP: 5/7
  2309 | D:3      | Found a bloodstained altar of Trog.
  2319 | D:3      | Noticed an ogre
  2336 | D:3      | Mangled by an ogre

Illustrated notes

Levels and vault maps discovered:
D:1:      tarquinn_simple_flora_water_d, layout_basic
D:2:      layout_basic, general_overflow_altar, kennysheep_slug_shrine
D:3:      layout_rooms, nicolae_gozag_cash_rules_everything_around_me,
          overflow_temple_1_default, uniq_sigmund

Skill      XL: |  1  2  3 |
---------------+----------+-----
Transmutations | 3 |  3.5
Unarmed Combat | 4 |  4.2
Fighting       | |  1.1
Dodging        | |  1.7
Spellcasting   | |  2.0

Action                   |  1- 3 |  4- 6 || total
-------------------------+-------+-------++-------
Melee: Unarmed           |   131 |    31 ||   162
       Kick              |    20 |     6 ||    26
       Headbutt          |    10 |     2 ||    12
       Punch             |     1 |       ||     1
       Tailslap          |     6 |     2 ||     8
 Cast: Beastly Appendage |    22 |     5 ||    27
Armor: Skin              |    51 |     7 ||    58
Dodge: Dodged            |   113 |    26 ||   139
